 Dungeon Crawl Stone Soup version 0.29.0-4-gdea44cf6ec (webtiles) character file.

Game seed: 5148573981393159356

144 qw the Chopper (level 5, -8/30 HPs)
             Began as a Tengu Warper on Aug 28, 2022.
             Killed by divine providence
             ... invoked by an orc priest
              (9 damage)
             ... on level 3 of the Dungeon.
             The game lasted 00:00:14 (2846 turns).

qw the Chopper (Tengu Warper)                       Turns: 2846, Time: 00:00:14

Health: -8/30      AC:  6    Str: 13    XL:     5   Next: 26%
Magic:  9/9        EV: 11    Int: 14    God:
Gold:   191        SH:  0    Dex: 13    Spells: 8/8 levels left

rFire   . . .      SeeInvis .   Y - +2 hand axe
rCold   + . .      Faith    .   (no shield)
rNeg    . . .      Spirit   .   k - +0 scale mail
rPois   .          Reflect  .   (helmet restricted)
rElec   .          Harm     .   (no cloak)
rCorr   .          Rampage  .   (no gloves)
Will    .....                   (boots unavailable)
Stlth   ..........              (no amulet)
HPRegen 0.10/turn               f - ring of protection from cold
MPRegen 0.11/turn               (no ring)

@: flying quickly and evasively, quick
A: beak, talons 3, nimble flight
a: no special abilities


You were on level 3 of the Dungeon.
You visited 1 branch of the dungeon, and saw 3 of its levels.

You collected 191 gold pieces.


Innate Abilities, Weirdness & Mutations

You have a beak for a mouth.
You have claws for feet.
Your magical nature lets you fly swiftly and evasively.


   Skills:
 - Level 2.0 Fighting
 + Level 5.8 Axes
 - Level 1.0 Throwing
 - Level 1.1 Armour
 - Level 2.1 Dodging
 - Level 2.0 Spellcasting
 - Level 2.4 Translocations


You had 8 spell levels left.
You didn't know any spells.
Your spell library contained the following spells:

 Spells                   Type           Power      Damage    Failure   Level
 Blink                    Tloc           16%        N/A       54%         2
 Gell's Gravitas          Tloc           8%         N/A       78%         3
 Lesser Beckoning         Tloc           8%         N/A       78%         3
 Teleport Other           Tloc           8%         N/A       78%         3
 Manifold Assault         Tloc           8%         N/A       100%        5

Inventory:

Hand Weapons
 j - a +0 whip
 Y - a +2 hand axe (weapon)
Armour
 k - a +0 scale mail (worn)
Jewellery
 f - a ring of protection from cold (left hand)
Scrolls
 b - a scroll of magic mapping {unknown}
 c - a scroll of identify
Potions
 a - a potion of lignification {unknown}
 d - a potion of mutation {unknown}
 e - a potion of heal wounds {unknown}
 g - a potion of magic {unknown}
 h - a potion of curing {unknown}
 i - a potion of flight {unknown}
 l - a potion of haste {unknown}
 m - a potion of resistance {unknown}

Dungeon Overview and Level Annotations

Branches:
Dungeon (3/15)

Altars:
Ru
Sif Muna

Shops:
D:1 [   D:2 [


Message History

The orc priest shouts!
The orc priest miscasts a cantrip.
The dart slug launches a dart at you. The slug dart misses you.
Items here: ))) [[.
You hit the dart slug. You peck the dart slug.
The dart slug is moderately wounded.
You hit the dart slug.
The dart slug is severely wounded.
The dart slug completely misses you.
You hit the dart slug.
You kill the dart slug!
You hit the orc. Your peck misses the orc.
The orc is severely wounded.
You slash the orc!
You kill the orc!
You barely miss the orc priest.
You claw the orc priest, but do no damage.
You peck the orc priest, but do no damage.
The orc priest hits you with a +0 hand axe.
You hit the orc priest. You peck the orc priest.
The orc priest is moderately wounded.
The orc priest hits you with a +0 hand axe.
You hit the orc priest but do no damage.
Your kick misses the orc priest.
The orc priest is moderately wounded.
The orc priest hits you with a +0 hand axe.
You closely miss the orc priest.
The orc priest is moderately wounded.
The orc priest invokes the aid of Beogh against you.
Pain shoots through your body!
You hit the orc priest but do no damage.
You claw the orc priest, but do no damage.
You peck the orc priest.
The orc priest is severely wounded.
The orc priest hits you with a +0 hand axe.
You hit the orc priest.
The orc priest is almost dead.
The orc priest calls down the wrath of Beogh upon you.
Beogh smites you!
You die...

##.# #~¤~#.#^ ...
..# #~¤¤#### ###
#.## #¤.¤###. #...
#~.¤#... .).
#~.~#### .. #..
#~.~#### ....###.#
##.##... ......o)#
### ###..##.##
#@###.###.###.###.
#.##..............
#....##.###.###.##
####.#...........#
#...##.###.##..
##.#.#.......#.#
#..#... #.##...#
##.#.#.#...#.#.#
#...#... ...#..


You could see an orc priest.

Vanquished Creatures
  2 orc wizards (D:3)
  3 adders
  4 dart slugs
  3 orcs (D:3)
  5 bats
  9 endoplasms
  3 giant cockroaches (D:1)
  3 goblins
  4 hobgoblins
  A quokka (D:1)
  9 ball pythons
  A frilled lizard (D:2)
  5 kobolds
  2 rats
54 creatures vanquished.

Vanquished Creatures (others)
  A plant (D:3)
1 creature vanquished.

Grand Total: 55 creatures vanquished

Notes
Turn   | Place    | Note
-------+----------+-------------------------------------------
     0 | D:1      | qw the Tengu Warper began the quest for the Orb.
     0 | D:1      | Reached XP level 1. HP: 12/12 MP: 4/4
     0 | D:1      | 0 ||| qw: Version: 0.1-a-89-g26bdef1
     0 | D:1      | 0 ||| qw: Game counter: 2465
     0 | D:1      | 0 ||| qw: Always use a shield: true
     0 | D:1      | 0 ||| qw: God list: Okawaru
     0 | D:1      | 0 ||| qw: Allow faded altars: false
     0 | D:1      | 0 ||| qw: Do Orc after D:15 true
     0 | D:1      | 0 ||| qw: Do second Lair branch before Depths: true
     0 | D:1      | 0 ||| qw: Lair rune preference: random
     0 | D:1      | 0 ||| qw: Plans: Normal
     0 | D:1      | 0 ||| PLANNING D:1-11
   417 | D:1      | 417 ||| Stepping ~*~*~tactically~*~*~ (hiding).
   519 | D:1      | 519 ||| Stepping ~*~*~tactically~*~*~ (hiding).
   623 | D:1      | Reached XP level 2. HP: 17/17 MP: 6/6
   629 | D:1      | Reached skill level 3 in Axes
   755 | D:1      | 755 ||| Stepping ~*~*~tactically~*~*~ (stealth).
   758 | D:1      | 758 ||| Stepping ~*~*~tactically~*~*~ (stealth).
  1006 | D:1      | Reached XP level 3. HP: 20/21 MP: 7/7
  1125 | D:1      | Found Daosuoph's Armour Emporium.
  1134 | D:1      | 1134 ||| SHOPLISTING +4 plate armour of Cheibriados,
                  | Stopping {Int+6 Stlth+} (784 gold, have 87).
  1134 | D:1      | 1134 ||| SHOPLISTING +6 scale mail of the Vacuum {-Tele
                  | rPois Str+3} (534 gold, have 87).
  1202 | D:1      | 1202 ||| UPGRADING to +0 scale mail.
  1212 | D:1      | 1212 ||| DROPPING +0 leather armour.
  1213 | D:1      | 1213 ||| UPGRADING to ring of protection from cold.
  1214 | D:1      | 1214 ||| READING scroll labelled CUZUT FAOR.
  1218 | D:1      | 1218 ||| READING scroll labelled JOCOBIWIQY.
  1219 | D:1      | 1219 ||| READING scroll labelled TIXTILADAC.
  1220 | D:1      | 1220 ||| READING scroll labelled HUSIAM REIG.
  1221 | D:1      | 1221 ||| DROPPING scroll of blinking.
  1274 | D:2      | Found Saotyrao's Armour Shop.
  1289 | D:2      | 1289 ||| SHOPLISTING +5 ring mail of the Cockroach {Str+2}
                  | (562 gold, have 107).
  1350 | D:2      | Reached skill level 4 in Axes
  1397 | D:2      | 1397 ||| Stepping ~*~*~tactically~*~*~ (stealth).
  1442 | D:2      | 1442 ||| Stepping ~*~*~tactically~*~*~ (stealth).
  2152 | D:2      | 2152 ||| READING scroll labelled AROLOUKLUU.
  2153 | D:2      | 2153 ||| READING scroll labelled OXTACR QEGO.
  2154 | D:2      | 2154 ||| READING scroll labelled IJYAPT LIVEU.
  2215 | D:3      | Found a shimmering blue altar of Sif Muna.
  2280 | D:3      | Reached XP level 4. HP: 26/26 MP: 8/8
  2305 | D:3      | 2305 ||| READING scroll of enchant weapon.
  2305 | D:3      | 2305 ||| ENCHANTING +1 hand axe.
  2389 | D:3      | 2389 ||| Stepping ~*~*~tactically~*~*~ (hiding).
  2491 | D:3      | Found a sacrificial altar of Ru.
  2492 | D:3      | 2492 ||| Stepping ~*~*~tactically~*~*~ (hiding).
  2493 | D:3      | 2493 ||| Stepping ~*~*~tactically~*~*~ (hiding).
  2501 | D:3      | Reached skill level 5 in Axes
  2813 | D:3      | 2813 ||| Stepping ~*~*~tactically~*~*~ (hiding).
  2833 | D:3      | Gained mutation: Your magical nature lets you fly swiftly
                  | and evasively. [Tengu growth]
  2833 | D:3      | Reached XP level 5. HP: 18/30 MP: 9/9
  2844 | D:3      | HP: 5/30 [orc priest/nerve-wracking pain (5)]
  2845 | D:3      | HP: 1/30 [orc priest/+0 hand axe (5)]
  2846 | D:3      | Killed from afar by an orc priest

Levels and vault maps discovered:
D:1:      lemuel_arrival_muddy, layout_loops_ring, serial_shops,
          nicolae_lakefront_shop, st_stairs_8
D:2:      layout_basic, serial_shops, nicolae_shop_statue_plus
D:3:      layout_rooms, nicolae_ru_great_annihilating_truth,
          mainiacjoe_overflow_tiny_flanked, amcnicky_mini_rare_corridor_liquid,
          nicolae_concentric_dashed_squares_wild

Skill      XL: |  1  2  3  4 |
---------------+-------------+-----
Axes           | 3 4 5 |  5.8
Fighting       | |  2.0
Throwing       | |  1.0
Armour         | |  1.1
Dodging        | |  2.1
Spellcasting   | |  2.0
Translocations | |  2.4

Action                   |  1- 3 |  4- 6 || total
-------------------------+-------+-------++-------
Melee: Hand axe          |    74 |    48 ||   122
       Kick              |    19 |    10 ||    29
       Peck              |     9 |     5 ||    14
       Punch             |     1 |       ||     1
Throw: Boomerang         |     7 |       ||     7
  Use: Scroll            |     7 |     1 ||     8
 Stab: Paralysed         |       |     1 ||     1
Armor: Leather armour    |     6 |       ||     6
       Scale mail        |    12 |    12 ||    24
Dodge: Dodged            |    27 |    11 ||    38

Table legend:
 A = Non-vault XP
 B = Vault XP
 C = Vault XP percentage of total XP
 D = Non-vault monster count
 E = Vault monster count
 F = Vault count percentage of total count
                 A         B        C        D         E       F
            +---------+---------+-------+---------+---------+-------
      Total |     148 |      58 |  28.2 |      49 |       5 |   9.3
            +---------+---------+-------+---------+---------+-------
        D:1 |      33 |       4 |  10.8 |      19 |       1 |   5.0
        D:2 |      35 |       0 |   0.0 |      15 |       0 |   0.0
        D:3 |      80 |      54 |  40.3 |      15 |       4 |  21.1
            +---------+---------+-------+---------+---------+-------
